 Dungeon Crawl Stone Soup version 0.23-a0-143-g1adec7bb76 (webtiles) character file.

4816 Napalmbreeze the Cleaver (level 10, -2/90 HPs)
             Began as a Minotaur Gladiator on Sept 4, 2018.
             Was a Priest of Okawaru.
             Slain by an orc warrior
             ... wielding a +0 war axe
              (25 damage)
             ... in a bailey.
             The game lasted 00:11:46 (7301 turns).

Napalmbreeze the Cleaver (Minotaur Gladiator)       Turns: 7301, Time: 00:11:46

Health: -2/90      AC: 18    Str: 20    XL:     10   Next: 24%
Magic:  11/12      EV: 14    Int:  6    God:    Okawaru [***...]
Gold:   522        SH:  2    Dex: 13    Spells: 9/9 levels left

rFire    + . .     SeeInvis .   B - +5 battleaxe
rCold    . . .     Gourm    .   (shield currently unavailable)
rNeg     . . .     Faith    .   p - +3 chain mail {rF+}
rPois    .         Spirit   .   c - +1 hat
rElec    .         Reflect  +   v - +0 cloak
rCorr    .         Harm     .   (no gloves)
MR       .....                  (no boots)
Stlth    ..........             a - +2 amulet of reflection
HPRegen  0.25/turn              (no ring)
MPRegen  0.13/turn              (no ring)

@: heroism, flying (expiring)
A: retaliatory headbutt, horns 2
a: Heroism, Renounce Religion


You were in a bailey.
You worshipped Okawaru.
Okawaru was most pleased with you.
You were not hungry.

You visited 2 branches of the dungeon, and saw 9 of its levels.
You also visited: Bailey.

You collected 522 gold pieces.

Inventory:

Hand Weapons
 z - a +3 war axe of chopping
 B - a +5 battleaxe (weapon)
Missiles
 d - 3 throwing nets (quivered)
Armour
 c - a +1 hat (worn)
 p - a +3 chain mail of fire resistance (worn)
 v - a +0 cloak (worn)
Jewellery
 a - a +2 amulet of reflection (around neck)
 q - a cursed ring of protection from fire {unknown}
 u - an uncursed ring of protection from fire {unknown}
 C - an uncursed ring of flight {unknown}
Wands
 w - a wand of iceblast (11)
 D - a wand of paralysis (29)
Scrolls
 b - a scroll of enchant armour
 e - 2 scrolls of remove curse
 g - 2 scrolls of blinking
 k - a scroll of fear
 l - 2 scrolls of enchant weapon
 s - a scroll of teleportation
 y - a scroll of random uselessness {unknown}
 E - a scroll of vulnerability {unknown}
 G - a scroll of immolation {unknown}
Potions
 h - a potion of might {unknown}
 i - 2 potions of heal wounds {unknown}
 j - a potion of invisibility {unknown}
 m - 2 potions of haste
 n - 3 potions of berserk rage {unknown}
 t - 2 potions of ambrosia {unknown}
 A - a potion of curing
 F - a potion of brilliance {unknown}
Comestibles
 f - 20 rations


   Skills:
 + Level 8.8(13.8) Fighting
 + Level 11.1(16.1) Axes
 - Level 2.0(7.0) Throwing
 + Level 8.3(13.3) Armour
 - Level 6.6(11.6) Dodging
 + Level 4.4 Invocations


You had 9 spell levels left.
You didn't know any spells.
Your spell library was empty.

Dungeon Overview and Level Annotations

Branches:
Dungeon (8/15)             Temple (1/1) D:7
   Lair: D:8-11

Altars:
Fedhas
Gozag
Kikubaaqudgha
Okawaru
Xom


Innate Abilities, Weirdness & Mutations

You reflexively headbutt those who attack you in melee.
You have a pair of horns on your head.


Message History

You are too injured to fight recklessly!
It was a potion of curing.
You feel better. The kobold misses you.
You slice the orc knight!!
The orc knight is heavily wounded.
You closely miss the orc warrior. You miss the kobold.
The kobold hits you but does no damage. The orc warrior misses you.
The orc knight hits you with a war axe!
* * * LOW HITPOINT WARNING * * *
Unknown command.
You hit the orc knight but do no damage.
You headbutt the orc knight.
The orc knight is severely wounded.
You hit the kobold.
You kill the kobold!
You hit the orc warrior but do no damage.
You are starting to lose your buoyancy.
The orc knight hits you with a war axe.
* * * LOW HITPOINT WARNING * * *
The orc warrior hits you with a war axe!!
You die...

####.(.!..∩..
####...!........
###........≈≈≈≈≈≈≈
##....(..≈≈≈≈≈≈≈≈≈≈
##....(.≈≈≈≈≈#######
###....≈≈≈≈≈≈≈K#......
≈###≈≈≈≈≈≈≈≈≈≈.####......
≈≈≈≈≈≈≈≈≈≈.....#..# #'#
≈≈≈≈≈#)@oK..###.... ####
##)o...# ## ...K..#
....⌠....# #.........#
##......... ####......
######


You could see an orc knight, an orc warrior and 2 kobolds.

Vanquished Creatures
  A two-headed ogre (D:8)
  Joseph (D:7)
  4 yaks (D:8)
  A hungry ghost (D:7)
  2 sky beasts
  3 ice beasts
  A black bear (D:7)
  3 orc warriors
  A phantom (D:4)
  4 ogres
  A necrophage (D:7)
  2 centaurs
  2 wolves (D:8)
  4 bullfrogs (D:7)
  A scorpion (D:5)
  4 wights (D:6)
  A howler monkey (D:5)
  3 crimson imps
  A bullfrog zombie (D:5)
  6 hounds
  4 orc wizards
  A centaur skeleton (D:7)
  2 orc priests
  Crazy Yiuf (D:2)
  7 worker ants
  3 iguanas
  2 hound skeletons
  5 adders
  A shadow imp (D:5)
  A white imp (D:8)
  A worker ant simulacrum (D:8)
  An ooze (D:1)
  An adder zombie (D:5)
  An adder skeleton (D:7)
  5 dart slugs
  8 leopard geckos
  15 orcs
  4 bats
  6 giant cockroaches
  12 goblins
  9 hobgoblins
  6 jackals
  11 kobolds
  6 quokkas
  A ball python (D:4)
  10 frilled lizards
  A giant cockroach zombie (D:6)
  A leopard gecko skeleton (D:8)
  A quokka skeleton (D:4)
  6 rats
179 creatures vanquished.

Vanquished Creatures (others)
  An ufetubus (D:8)
1 creature vanquished.

Grand Total: 180 creatures vanquished

Notes
Turn   | Place    | Note
-------+----------+-------------------------------------------
     0 | D:1      | Napalmbreeze the Minotaur Gladiator began the quest for the
                  | Orb.
     0 | D:1      | Reached XP level 1. HP: 18/18 MP: 0/0
    81 | D:1      | Reached XP level 2. HP: 15/25 MP: 1/1
    83 | D:1      | Reached skill level 4 in Axes
   359 | D:1      | Reached skill level 1 in Armour
   683 | D:1      | Reached XP level 3. HP: 30/30 MP: 2/2
  1377 | D:2      | Found a runed door.
  1497 | D:2      | Reached XP level 4. HP: 38/38 MP: 3/3
  1641 | D:2      | Noticed Crazy Yiuf
  1650 | D:2      | Killed Crazy Yiuf
  1943 | D:3      | Reached skill level 5 in Axes
  1979 | D:3      | Noticed an ogre
  1985 | D:3      | Killed an ogre
  1985 | D:3      | Reached XP level 5. HP: 46/46 MP: 4/4
  2469 | D:3      | Found an ancient bone altar of Kikubaaqudgha.
  2469 | D:3      | Noticed a human
  2541 | D:4      | Noticed a sky beast
  2736 | D:4      | Killed a sky beast
  2736 | D:4      | Reached skill level 6 in Axes
  2736 | D:4      | Reached XP level 6. HP: 33/52 MP: 5/5
  3191 | D:4      | Reached XP level 7. HP: 60/60 MP: 6/6
  3225 | D:4      | Found a shimmering altar of Xom.
  3279 | D:4      | Reached skill level 5 in Dodging
  3742 | D:4      | Reached skill level 7 in Axes
  4224 | D:4      | Reached skill level 5 in Fighting
  4289 | D:5      | Entered Level 5 of the Dungeon
  4663 | D:5      | Reached XP level 8. HP: 69/69 MP: 7/7
  4675 | D:5      | Reached skill level 8 in Axes
  4845 | D:5      | Found an iron altar of Okawaru.
  4990 | D:6      | Reached skill level 5 in Armour
  5621 | D:5      | Became a worshipper of Warmaster Okawaru
  5855 | D:7      | Reached skill level 9 in Axes
  5877 | D:7      | Noticed Joseph
  5886 | D:7      | Killed Joseph
  5886 | D:7      | Reached XP level 9. HP: 60/78 MP: 8/8
  6041 | D:7      | Found a staircase to the Ecumenical Temple.
  6099 | D:7      | Reached skill level 1 in Invocations
  6110 | D:7      | Reached * piety under Okawaru
  6225 | D:7      | Reached skill level 10 in Axes
  6804 | Temple   | Entered the Ecumenical Temple
  6848 | D:8      | Reached ** piety under Okawaru
  6915 | D:8      | Noticed a two-headed ogre
  6917 | D:8      | Reached XP level 10. HP: 58/90 MP: 9/11
  6937 | D:8      | Killed a two-headed ogre
  6937 | D:8      | Reached *** piety under Okawaru
  6937 | D:8      | Reached skill level 11 in Axes
  6982 | D:8      | Found a flagged portal.
  6988 | Bailey   | Entered a bailey
  7282 | Bailey   | Noticed an orc knight
  7301 | Bailey   | Slain by an orc warrior

Vault maps used:
D:1:      kennysheep_arrival_seaside
D:2:      uniq_crazy_yiuf_cottage
D:3:      tgw_kikubaaqudgha
D:4:      tgw_xom, serial_co_window_serial, co_window_corner_a,
          co_window_of_opportunity_a, co_window_paths_a, co_window_corner_a,
          co_window_corner_a, co_window_paths_b, co_window_paths_b,
          co_window_of_opportunity_a, co_window_paths_b,
          co_window_of_opportunity_c, co_window_corner_b, co_window_2corner,
          glass_columns_a, glass_columns_b, glass_columns_c, kennysheep_nub
D:5:      nicolae_overflow_hidden_temple, first_ration
D:7:      temple_pool_b, uniq_joseph
D:8:      gammafunk_temple_overflow_elements, serial_ice, serial_ice_j,
          serial_ice_m, serial_ice_d, serial_ice_h, enter_bailey_3
Temple:   regret_index_temple_mists
Bailey:   bailey_axe_4, bailey

Skill      XL: |  1  2  3  4  5  6  7  8  9 10 |
---------------+-------------------------------+-----
Axes           | 4 5 6 7 9 10 11 | 11.1
Armour         | 1 2 3 4 6 7 8 |  8.3
Fighting       | 3 4 5 6 8 |  8.8
Dodging        | 4 5 6 |  6.6
Invocations    | 3 4 |  4.4
Throwing       | |  2.0

Action                   |  1- 3 |  4- 6 |  7- 9 | 10-12 || total
-------------------------+-------+-------+-------+-------++-------
Melee: War axe           |    87 |    10 |    81 |       ||   178
       Headbutt          |    11 |     9 |    37 |     6 ||    63
       Quarterstaff      |       |    63 |    22 |       ||    85
       Battleaxe         |       |       |    94 |    17 ||   111
Invok: Heroism           |       |       |     1 |     2 ||     3
  Use: Scroll            |       |       |    10 |       ||    10
       Potion            |       |       |     1 |     2 ||     3
  Eat: Chunk             |     2 |     5 |    15 |     1 ||    23
Armor: Leather armour    |    17 |       |       |       ||    17
       Ring mail         |    11 |       |       |       ||    11
       Scale mail        |     4 |    33 |    34 |       ||    71
       Chain mail        |       |       |    68 |    15 ||    83
Dodge: Dodged            |    48 |    49 |   126 |    44 ||   267
Block: Other             |       |       |    12 |     1 ||    13
       Reflection        |       |       |       |     1 ||     1

Table legend:
 A = Non-vault XP
 B = Vault XP
 C = Vault XP percentage of total XP
 D = Non-vault monster count
 E = Vault monster count
 F = Vault count percentage of total count
                 A         B        C        D         E       F
            +---------+---------+-------+---------+---------+-------
      Total |    4922 |    1958 |  28.5 |     155 |      24 |  13.4
            +---------+---------+-------+---------+---------+-------
        D:1 |      57 |       0 |   0.0 |      27 |       0 |   0.0
        D:2 |      43 |      39 |  47.6 |      22 |       1 |   4.3
        D:3 |     160 |       0 |   0.0 |      16 |       0 |   0.0
        D:4 |     846 |       9 |   1.1 |      24 |       3 |  11.1
        D:5 |     498 |       0 |   0.0 |      18 |       0 |   0.0
        D:6 |     452 |       0 |   0.0 |      14 |       0 |   0.0
        D:7 |    1452 |     450 |  23.7 |      22 |       1 |   4.3
        D:8 |    1414 |    1183 |  45.6 |      12 |      13 |  52.0
     Bailey |       0 |     277 | 100.0 |       0 |       6 | 100.0
            +---------+---------+-------+---------+---------+-------
